 Dungeon Crawl Stone Soup version 0.21-a0-642-g5d013b2151 (webtiles) character file.

67 Manul the Ducker (level 3, 0/16 HPs)
             Began as a Spriggan Abyssal Knight on Dec 31, 2017.
             Was a Follower of Lugonu.
             Slain by a worm (10 damage)
             ... on level 2 of the Dungeon.
             The game lasted 00:02:20 (2097 turns).

Manul the Ducker (Spriggan Abyssal Knight)          Turns: 2097, Time: 00:02:21

Health: 0/16       AC:  2    Str:  8    XL:     3   Next: 98%
Magic:  5/5        EV: 20    Int: 13    God:    Lugonu [*.....]
Gold:   60         SH:  0    Dex: 16    Spells: 2/2 levels left

rFire    . . .     SeeInvis +   n - +2 dagger (venom)
rCold    + . .     Gourm    .   (shield restricted)
rNeg     . . .     Faith    .   b - +0 robe
rPois    .         Spirit   .   (helmet restricted)
rElec    .         Reflect  .   (no cloak)
rCorr    .         Harm     .   (gloves unavailable)
MR       .....                  (boots unavailable)
Stlth    ++........             (no amulet)
HPRegen  0.05/turn              i - ring of ice
MPRegen  0.09/turn              j - ring of protection from fire

@: lethally poisoned (0 -> -6), very quick
A: very small, unfitting armour, see invisible, herbivore, speed 3, [frail 2],
slow metabolism 2
a: Depart the Abyss, Renounce Religion


You were on level 2 of the Dungeon.
You worshipped Lugonu.
Lugonu was aware of your devotion.
You were not hungry.

You visited 1 branch of the dungeon, and saw 2 of its levels.
You visited the Abyss 1 time.

You collected 60 gold pieces.

Inventory:

Hand Weapons
 a - a +1 short sword
 d - a +0 rapier
 n - a +2 dagger of venom (weapon)
Armour
 b - a +0 robe (worn)
Jewellery
 i - a ring of ice (left hand)
 j - a ring of protection from fire (right hand)
Wands
 e - a wand of acid (7)
 f - a wand of digging (19)
Scrolls
 o - a scroll of teleportation {unknown}
 p - a scroll of identify {unknown}
 q - a scroll of blinking {unknown}
Potions
 g - a potion of cancellation {unknown}
 k - a potion of curing {unknown}
 l - a potion of resistance {unknown}
 m - a potion of mutation {unknown}
 r - a potion of degeneration {unknown}
 s - a potion of agility
Miscellaneous
 h - a phantom mirror
Comestibles
 c - 3 rations


   Skills:
 + Level 3.0 Fighting
 + Level 3.3 Short Blades
 + Level 4.4 Dodging
 + Level 1.6 Stealth
 + Level 1.7 Invocations


You had 2 spell levels left.
You didn't know any spells.

Dungeon Overview and Level Annotations

Branches:
Dungeon (2/15)

Altars:
Okawaru


Innate Abilities, Weirdness & Mutations

You are very small and have problems with some larger weapons.
You are too small for most types of armour.
You have supernaturally acute eyesight. (SInv)
You are a herbivore.
You cover ground extremely quickly.
You need consume almost no food.
[You are very frail. (-20% HP)]


Message History

No target in view!
A worm comes into view.
You feel sick.
Found an iron altar of Okawaru.
A worm is nearby!
A worm is nearby!
You hit the worm but do no damage.
The worm is poisoned.
You feel sick. The worm closely misses you.
You hit the worm.
The worm looks as sick as possible!
The worm is lightly wounded.
You hit the worm.
The worm is moderately wounded.
The worm completely misses you.
You hit the worm.
The worm looks as sick as possible!
The worm is heavily wounded.
You hit the worm.
The worm looks as sick as possible!
The worm is almost dead.
The worm bites you!
Ouch! That really hurt!
You die...

. ##.
#.####.... .
#.#.>......# .
.#.......## ..
#†...##..#.
#..#.##...
#.....#.# #
#.......##.#
#.#........###
#.#...@.......
......#.w.#....
##...$###......
....#.# .._...
###..#.. #.#..
#...... .# .
#.. ## . #


You could see a worm.

Vanquished Creatures
  2 adders (D:2)
  2 dart slugs (D:1)
  4 leopard geckos (D:1)
  2 giant cockroaches (D:1)
  4 goblins (D:1)
  5 hobgoblins
  3 jackals (D:1)
  6 kobolds (D:1)
  A quokka (D:2)
  5 bats (D:1)
  3 frilled lizards
  A rat (D:1)
38 creatures vanquished.

Notes
Turn   | Place    | Note
-------+----------+-------------------------------------------
     0 | Abyss:1  | Manul the Spriggan Abyssal Knight began the quest for the Orb.
     0 | Abyss:1  | Reached XP level 1. HP: 11/11 MP: 3/3
    31 | Abyss:2  | Noticed a neqoxec
    56 | Abyss:3  | Noticed a wretched star
    94 | Abyss:3  | Noticed a rakshasa
    95 | D:1      | Escaped the Abyss
   192 | D:1      | Reached skill level 4 in Dodging
   390 | D:1      | Reached XP level 2. HP: 2/12 MP: 4/4
   833 | D:1      | Reached * piety under Lugonu
  1356 | D:1      | Reached XP level 3. HP: 15/15 MP: 5/5
  1913 | D:1      | Reached skill level 1 in Stealth
  2089 | D:2      | Found an iron altar of Okawaru.
  2097 | D:2      | Slain by a worm

Vault maps used:
D:1:      minmay_arrival_glassed_features
D:2:      overflow_temple_1_default, minivault_14, guppyfry_early_orc_mine
Abyss:3:  evilmike_nicolae_abyss_rune_betentacled_crabyss

Skill      XL: |  1  2  3 |
---------------+----------+-----
Dodging        | 4 |  4.4
Short Blades   | 3 |  3.3
Stealth        | 1 |  1.6
Fighting       | 3 |  3.0
Invocations    | |  1.7

Action                   || total
-------------------------++-------
Melee: Rapier            ||    86
       Dagger            ||    34
Invok: Depart the Abyss  ||     1
 Stab: Sleeping          ||     5
Armor: Robe              ||    11
Dodge: Dodged            ||   127

Table legend:
 A = Spawn XP
 B = Non-spawn XP
 C = Spawn XP percentage of total XP
 D = Spawn monster count
 E = Non-spawn monster count
 F = Spawn count percentage of total count
 G = Total turns spent on level
                    A         B        C        D         E        F      G
               +---------+---------+-------+---------+---------+-------+---------
         Total |       0 |      96 |   0.0 |       0 |      38 |   0.0 |  2097
               +---------+---------+-------+---------+---------+-------+---------
           D:1 |       0 |      65 |   0.0 |       0 |      33 |   0.0 |  1925
           D:2 |       0 |      31 |   0.0 |       0 |       5 |   0.0 |    77
               +---------+---------+-------+---------+---------+-------+---------
